 Dungeon Crawl Stone Soup version 0.29.1-15-g9cfb28693d (webtiles) character file.

Game seed: 3516760815784598273

799 Hugehornet the Cudgeller (level 7, -7/56 HPs)
             Began as a Demigod Fighter on Apr 2, 2023.
             Killed by nerve-wracking pain
             ... invoked by Grinder
              (10 damage)
             ... on level 5 of the Dungeon.
             The game lasted 00:10:20 (5695 turns).

Hugehornet the Cudgeller (Demigod Fighter)          Turns: 5695, Time: 00:10:22

Health: -7/56      AC: 10    Str: 14 (17) XL:     7   Next: 32%
Magic:  0/18       EV:  8    Int: 11 (14) God:
Gold:   155        SH:  5    Dex: 15 (17) Spells: 3/6 levels left

rFire   . . .      SeeInvis .   t - +2 flail (vorpal)
rCold   . . .      Faith    .   c - +0 buckler
rNeg    . . .      Spirit   +   b - +0 scale mail
rPois   .          Reflect  .   j - +0 helmet
rElec   .          Harm     .   (no cloak)
rCorr   .          Rampage  .   p - +0 pair of gloves
Will    .....      Rage     3%  g - +0 pair of boots
Stlth   ..........              A - amulet of guardian spirit
HPRegen 0.18/turn               q - ring of magical power
MPRegen 0.16/turn               (no ring)

@: no status effects
A: high MP 1, forlorn, divine attributes, berserk 1, mutation resistance 1,
MP-powered wands
a: no special abilities


You were on level 5 of the Dungeon.
You visited 1 branch of the dungeon, and saw 5 of its levels.

You collected 155 gold pieces.

Inventory:

Hand Weapons
 a - a +0 war axe
 t - a +2 vorpal flail (weapon)
Missiles
 D - 4 curare-tipped darts (quivered)
 E - 7 poisoned darts
Armour
 b - a +0 scale mail (worn)
 c - a +0 buckler (worn)
 f - a +0 plate armour
 g - a +0 pair of boots (worn)
 j - a +0 helmet (worn)
 n - a +2 kite shield
 p - a +0 pair of gloves (worn)
 s - a +0 chain mail
Jewellery
 q - a ring of magical power (left hand)
 A - an amulet of guardian spirit (around neck)
Wands
 y - a wand of mindburst (10)
 F - a wand of digging (1)
 G - a wand of flame (14)
Scrolls
 d - 3 scrolls of fog {unknown}
 e - 4 scrolls of identify {unknown}
 h - 3 scrolls of teleportation {unknown}
 l - 2 scrolls of blinking {unknown}
 r - a scroll of summoning {unknown}
 u - 3 scrolls of noise {unknown}
 w - a scroll of magic mapping {unknown}
 x - a scroll of enchant armour {unknown}
 C - a scroll of fear {unknown}
 H - 3 scrolls of acquirement {unknown}
Potions
 k - a potion of degeneration
 B - a potion of haste


   Skills:
 - Level 2.6 Fighting
 - Level 3.9(5.9) Axes
 + Level 6.8(7.3) Maces & Flails
 - Level 2.6 Armour
 - Level 2.6 Shields


You had 3 spell levels left.
You knew the following spells:

 Your Spells              Type           Power      Damage    Failure   Level
a - Conjure Flame         Conj/Fire      0%         6-21      99%         3

Your spell library contained the following spells:

 Spells                   Type           Power      Damage    Failure   Level
 Magic Dart               Conj           0%         1d3       89%         1
 Necrotise                Necr           0%         1d4       89%         1
 Searing Ray              Conj           0%         2d4       96%         2
 Ignite Poison            Fire/Tmut/Pois 0%         N/A       99%         3
 Vampiric Draining        Necr           0%         2d6       99%         3
 Fulminant Prism          Conj/Hex       0%         3d6       100%        4
 Sticky Flame             Conj/Fire      0%         2d3       100%        4
 Agony                    Necr           0%         N/A       100%        5
 Alistair's Intoxication  Tmut/Pois      0%         N/A       100%        5
 Borgnjor's Vile Clutch   Necr/Erth      0%         N/A       100%        5
 Eringya's Noxious Bog    Tmut/Pois      0%         N/A       100%        6


Dungeon Overview and Level Annotations

Branches:
Dungeon (5/15)
 Temple: D:4-7

Shops:
D:1 *

Annotations:
D:5 Grinder


Innate Abilities, Weirdness & Mutations

You have an increased reservoir of magic. (+10% MP)
You shall have no god before yourself.
Your divine heritage dramatically boosts your attributes as you level up.
You sometimes lose your temper in combat.
You are somewhat resistant to further mutation.
You expend magic power (3 MP) to strengthen your wands.


Message History

Your roots penetrate the ground.
Grinder blinks!
It was a potion of cancellation.
Your magical effects are unravelling.
You feel magically purged.
You feel less wooden.
Your +0 helmet unmelds from your body.
Your +0 pair of gloves unmelds from your body.
Your +0 pair of boots unmelds from your body.
Your +0 scale mail unmelds from your body.
You feel a little less clever now. Grinder gestures at you.
You resist with some effort.
It was a potion of curing.
You feel better.
You are too injured to fight recklessly!
You closely miss Grinder.
Grinder is moderately wounded.
Grinder blinks!
Grinder hits you.
You writhe in agony.
* * * LOW HITPOINT WARNING * * *
Grinder hits you but does no damage.
You closely miss Grinder.
Grinder is moderately wounded.
Grinder hits you.
* * * LOW HITPOINT WARNING * * *
You writhe in agony.
* * * LOW HITPOINT WARNING * * *
Grinder hits you.
* * * LOW HITPOINT WARNING * * *
You writhe in agony.
* * * LOW HITPOINT WARNING * * *
You sock Grinder!
Grinder is severely wounded.
Grinder blinks!
Grinder hits you.
* * * LOW HITPOINT WARNING * * *
You writhe in agony.
* * * LOW HITPOINT WARNING * * *
Grinder gestures at you. Pain shoots through your body!
You die...

#. ##+## #.### ##...##
#...# ##.....## ###.#
##.......## ##.#<#
#.........####....###
+.....ยง...+.........#
#.........###...###.#
##...@..!## #...# #.#
##.5...## #...###.#
##...## ##......#
###'### #.######
#.....# #.# #.#.#.#
#.# #.#.#.######.#
#............#
#.....########


You could see Grinder (fast).

Vanquished Creatures
  Sigmund (D:2)
  2 ogres
  Blork the orc (D:4)
  A necrophage (D:4)
  3 killer bees (D:5)
  A hound (D:4)
  Terence (D:2)
  An orc wizard (D:3)
  A gnoll (D:1)
  5 adders
  An ufetubus (D:4)
  2 worms
  4 dart slugs
  9 orcs
  A bat (D:2)
  3 endoplasms
  A giant cockroach (D:4)
  3 goblins
  6 hobgoblins
  6 kobolds
  4 quokkas
  8 ball pythons
  3 frilled lizards
  A rat (D:3)
69 creatures vanquished.

Vanquished Creatures (others)
  An ufetubus (D:5)
1 creature vanquished.

Grand Total: 70 creatures vanquished

Notes
Turn   | Place    | Note
-------+----------+-------------------------------------------
     0 | D:1      | Hugehornet the Demigod Fighter began the quest for the Orb.
     0 | D:1      | Reached XP level 1. HP: 18/18 MP: 3/3
   454 | D:1      | Reached XP level 2. HP: 19/25 MP: 4/4
   937 | D:1      | Found Filocw's General Store.
  1565 | D:2      | Noticed Terence
  1576 | D:2      | Killed Terence
  1577 | D:2      | Reached XP level 3. HP: 10/30 MP: 5/5
  1800 | D:2      | You fall into a shaft and drop 2 floors!
  1950 | D:2      | Noticed Sigmund
  2120 | D:2      | Reached skill level 1 in Maces & Flails
  2120 | D:2      | Reached XP level 4. HP: 29/37 MP: 6/6
  2191 | D:2      | Killed Sigmund
  2192 | D:2      | Reached skill level 3 in Maces & Flails
  2192 | D:2      | Reached XP level 5. HP: 35/42 MP: 7/7
  3378 | D:3      | Noticed an ogre
  3385 | D:3      | Killed an ogre
  3386 | D:3      | Reached skill level 4 in Maces & Flails
  3386 | D:3      | Reached XP level 6. HP: 46/50 MP: 8/8
  3822 | D:4      | Reached skill level 5 in Maces & Flails
  4294 | D:4      | Noticed Blork the orc
  4306 | D:4      | Killed Blork the orc
  4743 | D:4      | Reached skill level 6 in Maces & Flails
  4743 | D:4      | Reached XP level 7. HP: 49/56 MP: 9/9
  4853 | D:4      | Learned a level 3 spell: Conjure Flame
  5365 | D:5      | Entered Level 5 of the Dungeon
  5665 | D:5      | Noticed Grinder
  5677 | D:5      | Paralysed by Grinder for 5 turns
  5686 | D:5      | Gained mutation: You are somewhat resistant to further
                  | mutation. [potion of mutation]
  5686 | D:5      | Gained mutation: You sometimes lose your temper in combat.
                  | [potion of mutation]
  5686 | D:5      | Gained mutation: You expend magic power (3 MP) to
                  | strengthen your wands. [potion of mutation]
  5695 | D:5      | Killed from afar by Grinder

Illustrated notes

Levels and vault maps discovered:
D:1:      nicolae_arrival_washed_ashore, layout_basic, serial_shops,
          nicolae_shop_hallway_stairs, minmay_misc_feat_x,
          chequers_serial_rivers_micro_b, minmay_split_cup_small
D:2:      layout_basic, dreamdust_ecumenical_altar_statues, basic_altar,
          uniq_terence, uniq_sigmund
D:3:      layout_rooms, pdpol_wu_jian_five_deadly_venoms
D:4:      minmay_angry_zag, layout_basic,
          nicolae_concentric_dashed_squares_mild, uniq_blork_the_orc
D:5:      layout_loops_corners, lemuel_flamethrower_2, uniq_grinder,
          uniq_prince_ribbit1, uniq_crazy_yiuf_cottage

Skill      XL: |  1  2  3  4  5  6 |
---------------+-------------------+-----
Axes           | 2 3 |  3.9
Maces & Flails | 1 3 4 6 |  6.8
Fighting       | |  2.6
Armour         | |  2.6
Shields        | |  2.6

Action                   |  1- 3 |  4- 6 |  7- 9 || total
-------------------------+-------+-------+-------++-------
Melee: War axe           |    61 |       |       ||    61
       Flail             |    19 |   111 |    42 ||   172
  Use: Potion            |       |     1 |     6 ||     7
Armor: Scale mail        |    45 |    33 |    21 ||    99
Dodge: Dodged            |    32 |    33 |    10 ||    75
Block: Buckler           |     8 |    12 |    14 ||    34
